 Dungeon Crawl Stone Soup version 0.18.1-48-g4cf74bf (webtiles) character file.

27 Ginkk the Skirmisher (level 2, -1/25 HPs)
             Began as a Demonspawn Abyssal Knight on Sept 12, 2016.
             Was a Follower of Lugonu.
             Slain by a hound (4 damage)
             ... on level 3 of the Dungeon.
             The game lasted 00:05:28 (1103 turns).

Ginkk the Skirmisher (Demonspawn Abyssal Knight)    Turns: 1103, Time: 00:05:29

Health: -1/25      AC:  8    Str: 12    XL:     2   Next: 93%
Magic:  3/3        EV: 14    Int: 13    God:    Lugonu [*.....]
Gold:   57         SH:  0    Dex: 17    Spells: 0 memorised, 1 level left

rFire  . . .     SeeInvis .     a - +1 mace
rCold  + . .     Gourm    .     f - +0 scale mail
rNeg   . . .     Faith    .     (no shield)
rPois  .         Spirit   .     (no helmet)
rElec  +         Dismiss  .     (no cloak)
rCorr  .         Reflect  .     (no gloves)
SustAt .         Harm     .     (no boots)
MR     .....                    (no amulet)
Stlth  +.........               (no ring)
                                (no ring)

@: agile, not resistant to hostile enchantments, very unstealthy
A: thin metallic scales 1, cold resistance 1, electricity resistance
a: Depart the Abyss, Renounce Religion


You were on level 3 of the Dungeon.
You worshipped Lugonu.
Lugonu was aware of your devotion.
You were not hungry.

You visited 1 branch of the dungeon, and saw 4 of its levels.
You visited the Abyss 1 time.

You collected 57 gold pieces.

Inventory:

Hand Weapons
 a - a +1 mace (weapon)
Missiles
 g - 18 stones (quivered)
Armour
 b - a +0 leather armour
 f - a +0 scale mail (worn)
Potions
 d - a potion of cure mutation
 e - a potion of curing
Comestibles
 c - a chunk of flesh
 h - a slice of pizza


   Skills:
 + Level 3.9 Fighting
 + Level 1.9 Maces & Flails
 + Level 1.8 Armour
 + Level 1.1 Dodging
 + Level 2.5 Invocations


You had one spell level left.
You didn't know any spells.

Dungeon Overview and Level Annotations

Branches:
Dungeon (4/15)
 Temple: D:4-7

Altars:
Gozag


Innate Abilities, Weirdness & Mutations

You are partially covered in thin metallic scales (AC +2).
Your flesh is cold resistant.
You are resistant to electric shocks.


Message History

You closely miss the hound. The hound closely misses you. x2
The hound bites you.
* * * LOW HITPOINT WARNING * * *
The hound misses you. The hound misses you. The hound misses you.
There is an open door here.
The hound misses you. The hound completely misses you.
The hound pauses to sniff the ground. x2
The hound completely misses you. The hound barely misses you.
There is an open door, spattered with blood here.
You open the door. The hound barely misses you.
The hound completely misses you.
Found 18 stones.
There is an open door here.
You see here 18 stones.
The hound bites you but does no damage. The hound bites you.
You die...

#.#...........# ##.#
..........#.### #..# ....##...##
#.. ##.### ##.## ... #.###.# #.#
#.# #....#######.# #.#
#####.#.........#### #####.####
#.........#######..# #........#
#.###.###.# #@#..# #.######..
#.###.###.###+#h#..## #.#.#####.
#......##.#.#..hg...###....##...
#.........'.#...#g..'.......#.#.
#.........#.#...#...###....##.._
##.##.###########..## #.#.#####.
#.##.....# #.....## #g###.#...
#.##.###.# ##...## #.....###.
#....# .# ##g## #####.....


You could see 2 hounds, a gnoll and a goblin.

Vanquished Creatures
  2 adders (D:3)
  2 hobgoblins
  A kobold (D:3)
  A giant newt (D:3)
  2 goblins
  3 rats
  2 bushes (D:3)
13 creatures vanquished.

Notes
Turn   | Place    | Note
--------------------------------------------------------------
     0 | Abyss:1  | Ginkk the Demonspawn Abyssal Knight began the quest for the Orb.
     0 | Abyss:1  | Reached XP level 1. HP: 18/18 MP: 2/2
     0 | D:1      | Escaped the Abyss
    57 | D:1      | Reached * piety under Lugonu
   224 | D:3      | Reached skill level 1 in Dodging
   224 | D:3      | Gained mutation: You are partially covered in thin metallic scales (AC +2). [demonic ancestry]
   224 | D:3      | Reached XP level 2. HP: 6/24 MP: 3/3
   437 | D:4      | Noticed an ogre
   860 | D:3      | Gained mutation: Your flesh is cold resistant. [potion of mutation]
   860 | D:3      | Gained mutation: You are resistant to electric shocks. [potion of mutation]
   867 | D:3      | Found an opulent altar of Gozag.
  1103 | D:3      | Slain by a hound

Skill      XL: |  1 |
---------------+----+-----
Dodging        | 1 |  1.1
Fighting       | |  3.9
Maces & Flails | |  1.9
Armour         | |  1.8
Invocations    | |  2.5

Action                   || total
-------------------------++-------
Melee: Mace              ||   244
Invok: Depart the Abyss  ||     1
  Use: Potion            ||     7
  Eat: Bread ration      ||     1
Armor: Scale mail        ||    40
Dodge: Dodged            ||    32
